 Dungeon Crawl Stone Soup version 0.14-a0-1974-gdb6e453 (webtiles) character file.

354 Kae the Insei (level 5, -5/33 HPs)
             Began as an Octopode Transmuter on Jan 18, 2014.
             Slain by a scorpion (9 damage)
             ... on Level 4 of the Dungeon.
             The game lasted 00:03:46 (3149 turns).

Kae the Insei (Octopode Transmuter)                 Turns: 3149, Time: 00:03:47

HP  -5/33        AC  1     Str 14      XL: 5   Next: 63%
MP   9/9         EV 12     Int 16      God:
Gold 170         SH  0     Dex 13      Spells:  3 memorised,  2 levels left

rFire  . . .     SeeInvis .       - Unarmed
rCold  . . .     Clarity  .     (no shield)
rNeg   . . .     Conserve .     (helmet restricted)
rPois  .         rCorr    .     (no amulet)
rElec  .         rRot     .     (no ring)
SustAb . .       Spirit   .     (no ring)
rMut   .         Warding  .     (no ring)
Saprov . . .     Stasis   .     (no ring)
MR     .....                    (no ring)
                                (no ring)
                                (no ring)
                                (no ring)

@: appendage (expiring), mighty, mildly poisoned, not resistant to hostile
enchantments, fairly stealthy
A: almost no armour, amphibious, 8 rings, constrict 8, spike 3, camouflage 1,
gelatinous body 1
a: End Transformation


You were on level 4 of the Dungeon.
You were not hungry.
One of your tentacles had a temporary spike.
You visited 1 branch of the dungeon, and saw 4 of its levels.

You collected 170 gold pieces.

Inventory:

Missiles
 b - 27 arrows
Magical devices
 o - a wand of invisibility (4)
Comestibles
 a - 3 bread rations
 r - 15 strawberries
 t - an apple
 v - 2 chunks of orc flesh
Scrolls
 c - 3 scrolls of identify {unknown}
 e - a scroll of amnesia {unknown}
 i - a scroll of blinking {unknown}
 j - a scroll of curse weapon {unknown}
 l - a scroll of teleportation {unknown}
 n - 4 scrolls of enchant armour {unknown}
 q - 2 scrolls of remove curse {unknown}
 s - a scroll of immolation {unknown}
Jewellery
 p - an uncursed amulet of the gourmand {unknown}
Potions
 f - a potion of might
 g - a potion of beneficial mutation {unknown}
 h - a potion of heal wounds {unknown}
 k - 2 potions of lignification {unknown}
 m - a potion of curing {unknown}
 u - a potion of mutation {unknown}
Books
 d - a book of Changes

   Spells                             Type                      Level
   *Beastly Appendage                 Transmutation                1
   *Sticks to Snakes                  Transmutation                2
   *Spider Form                       Transmutation/Poison         3
   Ice Form                           Ice/Transmutation            4
   Blade Hands                        Transmutation                5


   Skills:
 - Level 1.0 Fighting
 - Level 2.0 Dodging
 * Level 5.1 Unarmed Combat
 - Level 2.0 Spellcasting
 + Level 3.9 Transmutations


You had 2 spell levels left.
You knew the following spells:

 Your Spells              Type           Power        Failure   Level  Hunger
a - Beastly Appendage     Trmt           ##....       6%          1    #......
b - Sticks to Snakes      Trmt           ##........   10%         2    ###....
c - Spider Form           Trmt/Pois      #.........   34%         3    ####...


Dungeon Overview and Level Annotations

Branches:
Dungeon (4/16)
 Temple: D:4-7

Altars:
Dithmengos

Annotations:
D:3 Kae's ghost, average MfIE


Innate Abilities, Weirdness & Mutations

You cannot wear most types of armour.
You are amphibious.
You can wear up to eight rings at the same time.*
You can use your tentacles to constrict many enemies at once.*
Your skin changes colour to match your surroundings (Stlth).*
Your rubbery body absorbs attacks (AC +1).*
One of your tentacles bears a large vicious spike.*


Message History

Your transformation is almost over.
The scorpion stings you!
* * * LOW HITPOINT WARNING * * *
You are poisoned.
The scorpion poisons you!
Unknown command.
You closely miss the scorpion. You grab the scorpion.
You tentacle-slap the scorpion, but do no damage.
The scorpion is lightly wounded.
You constrict the scorpion, but do no damage.
The scorpion stings you.
* * * LOW HITPOINT WARNING * * *
You are more poisoned.
The scorpion poisons you!
Drink which item? (? for menu, Esc to quit)
You feel very mighty all of a sudden.
It was a potion of might.
* * * LOW HITPOINT WARNING * * *
You feel sick.
You constrict the scorpion. The scorpion stings you!
You die...

#........
#.)......
####........
...##........#
..##.........
..##......Kg#
..##%######.#
#.##s# #.##@#
#.##.#
###.###<##.#
............#
#######....#
#.%..# #....#
#....# ####.#


You could see a scorpion.

Vanquished Creatures
  A worker ant (D:4)
  Jessica (D:2)
  An ogre skeleton (D:4)
  3 adders
  An inept feature mimic (D:3)
  3 worms
  2 giant geckos (D:3)
  An orc (D:3)
  A ball python (D:2)
  3 bats
  2 giant cockroaches (D:1)
  5 goblins
  14 hobgoblins
  10 jackals (D:1)
  A quokka (D:2)
  7 giant newts
  9 kobolds
  10 rats
75 creatures vanquished.

Notes
Turn   | Place    | Note
--------------------------------------------------------------
     0 | D:1      | Kae, the Octopode Transmuter, began the quest for the Orb.
     0 | D:1      | Reached XP level 1. HP: 13/13 MP: 3/3
   309 | D:1      | Reached XP level 2. HP: 18/18 MP: 4/4
   688 | D:1      | Reached XP level 3. HP: 12/23 MP: 6/6
  1257 | D:2      | Reached skill level 4 in Unarmed Combat
  1635 | D:2      | Noticed Jessica
  1645 | D:2      | Killed Jessica
  1645 | D:2      | Reached XP level 4. HP: 18/28 MP: 5/7
  1964 | D:3      | Noticed Kae's ghost (average MfIE)
  2515 | D:3      | Found a shadowy altar of Dithmengos.
  2547 | D:3      | Reached XP level 5. HP: 23/33 MP: 9/9
  2668 | D:2      | Learned a level 2 spell: Sticks to Snakes
  2672 | D:2      | Learned a level 3 spell: Spider Form
  3142 | D:4      | Reached skill level 5 in Unarmed Combat
  3149 | D:4      | Slain by a scorpion

Action                   |  1- 3 |  4- 6 || total
-------------------------+-------+-------++-------
Melee: Unarmed           |    90 |    91 ||   181
 Cast: Beastly Appendage |     5 |     6 ||    11
  Use: Potion            |       |     1 ||     1
 Stab: Sleeping          |     1 |     5 ||     6
